AoeStats
← fatfatfattie

Arabia

510458018Analyzed
4v4 RM · 1d ago on Oct 1, 2026· 17m 2s· 8 players
Game mode
Random Map
Map size
Large (8 player)
Population
200
Speed
Normal
Resources
Standard
Victory
Conquest
Starting age
Dark Age
Ending age
Imperial Age
RankedLock teamsTeams togetherTeam positionsShared explorationLock speedFull tech treeHidden civsTurbo modeCheats
Victory
Defeat
🇺🇸 Ethiopians · United States
925
+14
🇺🇸 Gurjaras · United States
895
+35
🇺🇸 Franks · United States
888
+16
🇺🇸 Mongols · United States
885
+16
🇵🇪 Hindustanis · Peru
932
-18
🇲🇽 Turks · Mexico
906
-16
🇨🇱 Teutons · Chile
905
-16
🇲🇽 Khmer · Mexico
813
-12
fatfatfattie
11:45 Feudal Age
10:19 Loom
16:56 Castle Age
17:17 Scale Barding Armor
kevinfz101006xr
10:32 Feudal Age
10:26 Loom
15:59 Castle Age
mholton14
7:57 Loom
11:55 Feudal Age
12:43 Double-Bit Axe
14:54 Fletching
16:25 Padded Archer Armor
17:04 Wheelbarrow
It's me, Philadelphia Collins
7:01 Loom
9:28 Feudal Age
15:15 Forging
El Tlatoani
5:33 Loom
11:11 Feudal Age
17:39 Castle Age
15:44 Double-Bit Axe
soytupadreelgabo
12:22 Feudal Age
13:00 Double-Bit Axe
13:37 Horse Collar
Fenixx
0:45 Loom
12:14 Feudal Age
13:39 Wheelbarrow
12:52 Double-Bit Axe
12:49 Horse Collar
sheikzn7
9:37 Feudal Age
11:37 Wheelbarrow
12:52 Double-Bit Axe
13:10 Gold Mining
Connection lost

Rejoining the realm…

Still unreachable

The connection could not be restored.

Session expired

The server has moved on; the page needs a fresh start.